cohdb
Replays
Latest Replays
All Replays
Popular Replays
Top Player Replays
Match Explorer
How It Works
Community
CoH3 Stats
Reddit
Sign in to upload your games and track your stats! →
Sign in with Steam
Taking 90% control of the map vs top 2 player in 5 min
Match 31143936
Overview
Messages
Build Orders
End
Construct Barracks
Riflemen Squad
Riflemen Squad
Riflemen Squad
Riflemen Squad
Grenade Package
Riflemen Squad
Construct Medical Station
Selects Armored Battlegroup
Selects Fast Deploy
Riflemen Squad
Infantry Support Center
Selects M8 Scott SPG
M8 Scott SPG
Riflemen Squad
Engineer Squad
Rei
Reakly
0
0
Comments
sign in to comment!
No comments posted yet!